[Event "Late-Titled-Tuesday-Blitz-September-12-2023"]
[Site "Chess.com"]
[Date "2023.09.12"]
[Round "1"]
[White "Haykoooo0o"]
[Black "vi_pranav"]
[Result "0-1"]
[WhiteElo "2481"]
[BlackElo "2998"]
[TimeControl "180+1"]
[EndTime "14:01:34 PDT"]
[Termination "vi_pranav won by resignation"]

1. d4 Nf6 2. Nf3 e6 3. e3 b6 4. Bd3 Bb7 5. Nbd2 c5 6. c3 d6 7.
O-O Nbd7 8. Qe2 Be7 9. e4 O-O 10. e5 Nd5 11. exd6 Nf4 12. Qe3 Bxd6 13. Bc2 cxd4 14. Qxd4 Ne2+ 0-1

[Event "Late-Titled-Tuesday-Blitz-September-12-2023"]
[Site "Chess.com"]
[Date "2023.09.12"]
[Round "1"]
[White "HansOnTwitch"]
[Black "JG-17"]
[Result "1-0"]
[WhiteElo "3082"]
[BlackElo "2505"]
[TimeControl "180+1"]
[EndTime "14:02:26 PDT"]
[Termination "HansOnTwitch won by resignation"]

1. e4 c5 2. Nf3 d6 3. Bb5+ Bd7 4. Bxd7+ Qxd7 5. c4 Nc6 6. Nc3 g6 7. d4 cxd4 8. Nxd4 Bg7 9. Be3 Nf6 10. f3 O-O 11. O-O Rfc8 12. b3 a6 13. Qd3 Qd8 14. Rfd1 Nd7 15.
Rac1 Nc5 16. Qd2 Qa5 17. Nd5 Qxd2 18. Rxd2 Nd7 19. Nxc6 Rxc6 20. Nxe7+ Kf8 21. Nxc6 bxc6 22. Rxd6 Ne5 23. Rcd1 Ke7 24. Bc5 Ke8 25. f4 Ng4 26. Rxc6 1-0

[Event "Late-Titled-Tuesday-Blitz-September-12-2023"]
[Site "Chess.com"]
[Date "2023.09.12"]
[Round "1"]
[White "kleinebeer98"]
[Black "Kombinator01"]
[Result "1-0"]
[WhiteElo "2819"]
[BlackElo "2433"]
[TimeControl "180+1"]
[EndTime "14:02:47 PDT"]
[Termination "kleinebeer98 won by resignation"]

1. e4 c5 2. Nf3 e6 3. d4 cxd4 4. Bg5 Qb6 5. Qxd4 Nc6 6. Qxb6 axb6 7. c3 h6 8. Bf4 g5 9. Bg3 Nf6 10. Nbd2 d6 11. Bd3 Nh5 12. Nc4 Nxg3 13. hxg3 b5 14. Nb6 Ra6 15. Nxc8 Kd7 16. Bxb5 Ra5 17. Nb6+ Kc7 18.
Bxc6 bxc6 19. Nc4 1-0

[Event "Late-Titled-Tuesday-Blitz-September-12-2023"]
[Site "Chess.com"]
[Date "2023.09.12"]
[Round "1"]
[White "kaanadayhamle"]
[Black "louis198"]
[Result "1-0"]
[WhiteElo "2413"]
[BlackElo "2705"]
[TimeControl "180+1"]
[EndTime "14:03:08 PDT"]
[Termination "kaanadayhamle won by resignation"]

1. Nf3 e6 2. g3 d5 3. Bg2 g6 4. O-O Bg7 5. c4 Ne7 6. cxd5 exd5 7. d4 O-O 8. Nc3 Nbc6 9. Bg5 f6 10. Bf4 g5 11.
Be3 Nf5 12. Qb3 Nce7 13. Bd2 Kh8 14. Rfe1 c6 15. h3 Nd6 16. Rad1 Bf5 17. Na4 Bg6 18. Nc5 Qc8 19. Bb4 Nef5 20. Nd3 Re8 21. g4 Nh4 22. Nxh4 gxh4 23. Bxd6 a5 24. Bh2 h5 25. Nf4 Be4 26. Nxh5 Bxg2 27. Kxg2 Re4 28. Nxg7 Kxg7 29. f3 Re7 30. e4 Qe8 31. e5 Kg8 32. Qe3 a4 33.
Qh6 1-0

[Event "Late-Titled-Tuesday-Blitz-September-12-2023"]
[Site "Chess.com"]
[Date "2023.09.12"]
[Round "1"]
[White "Zhigalko_Sergei"]
[Black "kreonx"]
[Result "1-0"]
[WhiteElo "2877"]
[BlackElo "2457"]
[TimeControl "180+1"]
[EndTime "14:03:17 PDT"]
[Termination "Zhigalko_Sergei won by resignation"]

1. e4 c6 2. d4 d5 3. e5 c5 4. Nf3 Nc6 5. dxc5 Bg4 6. c3 Bxf3 7.
Qxf3 e6 8. Be3 Nxe5 9. Bb5+ Nc6 10. O-O Ne7 11. c4 dxc4 12. Nc3 Qa5 13. a3 a6 14. Bxc4 Nf5 15. b4 Qc7 16. Bf4 e5 17. Nd5 Qd8 18.
Bxe5 Nxe5 19. Rfe1 Be7 20. Rxe5 O-O 21. Qxf5 Re8 22.
Rae1 1-0

[Event "Late-Titled-Tuesday-Blitz-September-12-2023"]
[Site "Chess.com"]
[Date "2023.09.12"]
[Round "1"]
[White "Perecke"]
[Black "BrandonJacobson"]
[Result "0-1"]
[WhiteElo "2496"]
[BlackElo "3052"]
[TimeControl "180+1"]
[EndTime "14:03:24 PDT"]
[Termination "BrandonJacobson won by resignation"]

1. e4 c5 2. Nf3 d6 3. d3 Nf6 4. g3 g6 5. Bg2 Bg7 6. O-O O-O 7. c3 Nc6 8. d4 Nxe4 9. d5 Nb8 10.
Nbd2 Nf6 11. Nc4 b5 12. Ne3 Bb7 13. a4 a6 14. Nd2 Nbd7 15. c4 Ne5 16. cxb5 axb5 17.
f4 Nd3 18. Qb3 c4 19. Qc2 Qb6 20. Nb1 Nxc1 21. Qxc1 Ng4 0-1

[Event "Late-Titled-Tuesday-Blitz-September-12-2023"]
[Site "Chess.com"]
[Date "2023.09.12"]
[Round "1"]
[White "ShiroglanTalibov"]
[Black "Mindhunter08"]
[Result "1-0"]
[WhiteElo "2854"]
[BlackElo "2448"]
[TimeControl "180+1"]
[EndTime "14:03:25 PDT"]
[Termination "ShiroglanTalibov won by resignation"]

1. e4 e5 2. Nf3 Nc6 3. Bb5 a6 4. Ba4 Nf6 5. d4 exd4 6. O-O Be7 7. e5 Ne4 8. Nxd4 O-O 9. Nf5 Nc5 10. Qg4 g6 11. Bxc6 dxc6 12. Nxe7+ Qxe7 13. Qg3 Bf5 14. Bg5 Qe6 15. Nd2 Qd5 16. Rfe1 Rfe8 17. c4 Qd3 18. Qh4 Ne6 19. Nf3 Be4 20. Rxe4 1-0

[Event "Late-Titled-Tuesday-Blitz-September-12-2023"]
[Site "Chess.com"]
[Date "2023.09.12"]
[Round "1"]
[White "campochess"]
[Black "simplerXiao"]
[Result "1-0"]
[WhiteElo "2132"]
[BlackElo "2508"]
[TimeControl "180+1"]
[EndTime "14:03:27 PDT"]
[Termination "campochess won by resignation"]

1. Nf3 d5 2. b3 f6 3. d4 e6 4.
Bb2 Bd6 5. g3 Ne7 6. Bg2 O-O 7.
O-O c5 8. c3 Nbc6 9. Nbd2 Nf5 10.
e4 Nfe7 11. exd5 Nxd5 12. c4 Ndb4 13. Ne4 cxd4 14. Nxd6 Qxd6 15. Nxd4 Nxd4 16. Bxd4 Nc6 17. Be3 Qc7 18. Qh5 g6 19. Qe2 Rd8 20. Rad1 Bd7 21. Rd2 Be8 22. Rfd1 Bf7 23. Qf3 a6 24. Qxf6 e5 25.
Bxc6 Rxd2 26. Rxd2 bxc6 27. Bh6 1-0

[Event "Late-Titled-Tuesday-Blitz-September-12-2023"]
[Site "Chess.com"]
[Date "2023.09.12"]
[Round "1"]
[White "WPWPWP-2015"]
[Black "ElCoachRene"]
[Result "1-0"]
[WhiteElo "2534"]
[BlackElo "2205"]
[TimeControl "180+1"]
[EndTime "14:03:39 PDT"]
[Termination "WPWPWP-2015 won by resignation"]

1. d4 Nc6 2. e4 d5 3. e5 a6 4. Be3 f6 5. f4 Nh6 6. Bf2 Bg4 7. Qd2 e6 8. h3 Bf5 9. Nc3 Bb4 10.
Nge2 Be4 11. Rg1 f5 12. g4 g6 13. O-O-O Qe7 14. Kb1 O-O-O 15. a3 Ba5 16. Qe1 Bf3 17. Bh4 Bxc3 18. Nxc3 Qd7 19. Bxd8 Bxd1 20. Bf6 1-0

[Event "Late-Titled-Tuesday-Blitz-September-12-2023"]
[Site "Chess.com"]
[Date "2023.09.12"]
[Round "1"]
[White "PepeCuenca"]
[Black "Jaka_Brilej"]
[Result "1-0"]
[WhiteElo "2773"]
[BlackElo "2423"]
[TimeControl "180+1"]
[EndTime "14:03:48 PDT"]
[Termination "PepeCuenca won by resignation"]

1. c4 e6 2. Nf3 d5 3. d4 c6 4. e3 f5 5. Be2 Nf6 6. O-O Bd6 7. b3 Qe7 8. a4 O-O 9. Ba3 Bxa3 10.
Nxa3 a5 11. Nc2 Ne4 12. Nce1 Na6 13. Nd3 Nb4 14. Nfe5 Bd7 15. f3 Nf6 16. Nxb4 Qxb4 17.
c5 Be8 18. Nd3 1-0

[Event "Late-Titled-Tuesday-Blitz-September-12-2023"]
[Site "Chess.com"]
[Date "2023.09.12"]
[Round "1"]
[White "CarlosjPineror"]
[Black "temus_galaktionov"]
[Result "0-1"]
[WhiteElo "2437"]
[BlackElo "2822"]
[TimeControl "180+1"]
[EndTime "14:03:55 PDT"]
[Termination "temus_galaktionov won by resignation"]

1. d4 c6 2. c4 g6 3. Nc3 d6 4. g3 Bg7 5. Bg2 Nf6 6. Nf3 O-O 7. O-O Nbd7 8. Qc2 e5 9. Rd1 Re8 10. d5 c5 11. e4 Rf8 12. a3 Ne8 13. b4 b6 14. Ne1 f5 15. Nd3 Ba6 16. Nb5 f4 17.
bxc5 Nxc5 18. Nxc5 bxc5 19. Bd2 Bc8 20. f3 h5 21.
gxf4 exf4 22. Bc3 g5 23. Bxg7 Kxg7 24. Qc3+ Qf6 25. Qxf6+ Kxf6 26. Rab1 Ke5 27. Nc3 g4 28. Na2 Ba6 29. Rdc1 Nf6 30. Kf2 Rab8 31. h3 g3+ 32. Ke1 Rxb1 33. Rxb1 Bxc4 34. Nc1 h4 35. Kd2 Nxe4+ 36. fxe4 f3 0-1

[Event "Late-Titled-Tuesday-Blitz-September-12-2023"]
[Site "Chess.com"]
[Date "2023.09.12"]
[Round "1"]
[White "S-Fazulyanov"]
[Black "Vladimir_Zakhartsov"]
[Result "0-1"]
[WhiteElo "2456"]
[BlackElo "2876"]
[TimeControl "180+1"]
[EndTime "14:04:01 PDT"]
[Termination "Vladimir_Zakhartsov won by resignation"]

1. e4 c5 2. Nf3 e6 3. c4 Nc6 4. Nc3 Nf6 5. Be2 d5 6. exd5 exd5 7. d4 Be6 8. cxd5 Nxd5 9. O-O Nxc3 10. bxc3 cxd4 11. cxd4 Be7 12. Rb1 Qd7 13. Bb5 Qd5 14. Ne5 O-O 15. Bc4 Qe4 16. Bxe6 Qxb1 17. Qg4 Nxe5 18. dxe5 fxe6 19. Bh6 Qg6 0-1

[Event "Late-Titled-Tuesday-Blitz-September-12-2023"]
[Site "Chess.com"]
[Date "2023.09.12"]
[Round "1"]
[White "Inepton_Fermion"]
[Black "ameetghasi100"]
[Result "0-1"]
[WhiteElo "2359"]
[BlackElo "2680"]
[TimeControl "180+1"]
[EndTime "14:04:01 PDT"]
[Termination "ameetghasi100 won by resignation"]

1. Nf3 g6 2. e4 Bg7 3. d4 d6 4. c3 Nf6 5. Bd3 O-O 6. h3 Nc6 7. O-O e5 8. Re1 Nd7 9. d5 Ne7 10. c4 h6 11. Nc3 f5 12. Qc2 Nc5 13. b4 Nxd3 14. Qxd3 f4 15. c5 g5 16. cxd6 cxd6 17. Nd2 h5 18. f3 Ng6 19. b5 g4 20. hxg4 hxg4 21. fxg4 Bxg4 22. Nf3 Rc8 23. Nd1 Nh4 24. Nxh4 Qxh4 25. Nf2 Rf6 26. Nxg4 Qxe1+ 27. Kh2 Rg6 28. Qh3 Rc3 0-1

[Event "Late-Titled-Tuesday-Blitz-September-12-2023"]
[Site "Chess.com"]
[Date "2023.09.12"]
[Round "1"]
[White "dretch"]
[Black "lgsalazar94"]
[Result "1-0"]
[WhiteElo "2856"]
[BlackElo "2451"]
[TimeControl "180+1"]
[EndTime "14:04:23 PDT"]
[Termination "dretch won by resignation"]

1. d4 Nf6 2. c4 g6 3. Nc3 d5 4. e3 Bg7 5. Qb3 dxc4 6. Bxc4 O-O 7. Nf3 c5 8. O-O Nbd7 9. Rd1 cxd4 10. exd4 Nb6 11. h3 Nxc4 12. Qxc4 a6 13. d5 b5 14. Qh4 h5 15. d6 exd6 16. Bg5 Bb7 17. Rd4 Re8 18.
Rf4 Re6 19. Nd4 1-0

[Event "Late-Titled-Tuesday-Blitz-September-12-2023"]
[Site "Chess.com"]
[Date "2023.09.12"]
[Round "1"]
[White "laskakid"]
[Black "ValeriyGrinev"]
[Result "0-1"]
[WhiteElo "2226"]
[BlackElo "2543"]
[TimeControl "180+1"]
[EndTime "14:04:26 PDT"]
[Termination "ValeriyGrinev won by resignation"]

1. d4 d5 2. c4 e6 3. Nc3 Nf6 4. Bg5 Be7 5. e3 h6 6. Bxf6 Bxf6 7. Nf3 O-O 8. Rc1 c6 9. Qc2 Nd7 10. Bd3 dxc4 11. Bxc4 e5 12. O-O exd4 13. exd4 Nb6 14. Bb3 Bg4 15. Ne5 Qxd4 16. Nxg4 Qxg4 17. Ne4 Bd4 18. Nd6 Rad8 19. Nxb7 Rde8 20. Qxc6 Re2 21.
Nd6 Qf4 22. Nxf7 Rxf7 23. Qe8+ Rxe8 0-1

[Event "Late-Titled-Tuesday-Blitz-September-12-2023"]
[Site "Chess.com"]
[Date "2023.09.12"]
[Round "1"]
[White "Mackster23"]
[Black "allvim"]
[Result "1/2-1/2"]
[WhiteElo "2542"]
[BlackElo "2258"]
[TimeControl "180+1"]
[EndTime "14:04:27 PDT"]
[Termination "Game drawn by repetition"]

1. e4 c5 2. Nc3 Nc6 3. Nge2 a6 4. d4 cxd4 5. Nxd4 e6 6. g3 Nf6 7. Bg2 Be7 8. O-O O-O 9. Nxc6 bxc6 10. e5 Nd5 11. Nxd5 cxd5 12. c4 Bb7 13. cxd5 exd5 14. Bxd5 Bxd5 15. Qxd5 d6 16. exd6 Qxd6 17. Rd1 Qxd5 18. Rxd5 Bf6 19. Rb1 Rac8 20. Ra5 Rc2 21. Rxa6 h5 22. h4 Bd4 23. Be3 Bxe3 24. fxe3 Rd8 25.
Ra4 Rdd2 26. Rf4 Rg2+ 27. Kf1 Rh2 28. Ke1 Rce2+ 29. Kf1 Rc2 30. Kg1 Rhg2+ 31. Kf1 Rh2 1/2-1/2

[Event "Late-Titled-Tuesday-Blitz-September-12-2023"]
[Site "Chess.com"]
[Date "2023.09.12"]
[Round "1"]
[White "valemava"]
[Black "DenishevM"]
[Result "1-0"]
[WhiteElo "2345"]
[BlackElo "2616"]
[TimeControl "180+1"]
[EndTime "14:04:28 PDT"]
[Termination "valemava won by resignation"]

1. c4 Nf6 2. b4 e6 3. a3 d5 4. cxd5 exd5 5. Bb2 Bf5 6. d3 c6 7.
Nf3 Bd6 8. g3 O-O 9. Bg2 Nbd7 10. O-O Re8 11. Re1 a5 12. Qb3 Qb6 13. Nd4 Bg6 14.
bxa5 Qxb3 15. Nxb3 Bxd3 16. Nc3 Bc4 17. Nd2 Ba6 18.
e4 d4 19. Na4 Bb5 20. Nb6 Nxb6 21. axb6 Bc5 22. Nb3 Bxb6 23. Bxd4 Ra6 24. Bxb6 Rxb6 25. Nc5 Re5 26. Rec1 g5 27. Rab1 Ne8 28. Nd7 1-0

[Event "Late-Titled-Tuesday-Blitz-September-12-2023"]
[Site "Chess.com"]
[Date "2023.09.12"]
[Round "1"]
[White "Msb2"]
[Black "DishonorOnYourCow"]
[Result "1-0"]
[WhiteElo "3111"]
[BlackElo "2511"]
[TimeControl "180+1"]
[EndTime "14:04:42 PDT"]
[Termination "Msb2 won by resignation"]

1. d4 Nf6 2. c4 g6 3. Nc3 d5 4.
cxd5 Nxd5 5. e4 Nxc3 6. bxc3 Bg7 7. Nf3 c5 8. Bb5+ Nd7 9. O-O O-O 10. Re1 a6 11. Bf1 b5 12. a4 b4 13. cxb4 cxb4 14. a5 Bb7 15. Qa4 Rb8 16. Bf4 e5 17. dxe5 Nc5 18.
Qxb4 Ne6 19. Be3 Bc6 20. Bb6 Qc8 21. Rac1 Qb7 22. Bxa6 Qxa6 23. Rxc6 Nf4 24. Qc4 Qxc4 25. Rxc4 Nd3 26. Rb1 Nxe5 27. Nxe5 Bxe5 28. g3 Rfe8 29. a6 Ra8 30. a7 Re6 31. f4 Bf6 32. e5 Be7 33.
Be3 f6 34. Rb8+ 1-0

[Event "Late-Titled-Tuesday-Blitz-September-12-2023"]
[Site "Chess.com"]
[Date "2023.09.12"]
[Round "1"]
[White "APOKALIPSA13"]
[Black "HamedWafa4"]
[Result "1-0"]
[WhiteElo "2267"]
[BlackElo "2535"]
[TimeControl "180+1"]
[EndTime "14:04:46 PDT"]
[Termination "APOKALIPSA13 won by resignation"]

1. e4 e5 2. Nf3 Nc6 3. d4 exd4 4. c3 d5 5. exd5 Qxd5 6. cxd4 Bg4 7. Be2 Bb4+ 8. Nc3 Bxf3 9. Bxf3 Qc4 10. Bxc6+ bxc6 11. Qe2+ Qxe2+ 12. Kxe2 O-O-O 13. a3 Bxc3 14. bxc3 Nf6 15. Kd3 c5 16. Kc4 cxd4 17. cxd4 Rhe8 18. Be3 Nd5 19.
Rhe1 Nb6+ 20. Kc3 Re6 21. Rac1 Rde8 22. Bd2 Nd5+ 23. Kd3 Nf4+ 24. Bxf4 Rxe1 25. Rxc7+ Kd8 26. Rxa7 R8e7 27. Ra8+ Kd7 28. Be3 Rh1 29. a4 Rxh2 30.
Ra7+ Ke6 31. d5+ Kd6 32. Bf4+ Re5 33. Bxh2 1-0

[Event "Late-Titled-Tuesday-Blitz-September-12-2023"]
[Site "Chess.com"]
[Date "2023.09.12"]
[Round "1"]
[White "Parhamov"]
[Black "Triumphmate"]
[Result "1-0"]
[WhiteElo "3101"]
[BlackElo "2509"]
[TimeControl "180+1"]
[EndTime "14:04:51 PDT"]
[Termination "Parhamov won by resignation"]

1. d4 d5 2. Nf3 e6 3. Bf4 Bd6 4. e3 f5 5. Nbd2 Nf6 6. c4 O-O 7. c5 Bxf4 8. exf4 Ne4 9. b4 c6 10. Bd3 a5 11. a3 b5 12. O-O Nd7 13. Nb3 a4 14. Na5 Qc7 15. Ne5 Nxe5 16. dxe5 Bd7 17. Rc1 g5 18. g3 g4 19. f3 gxf3 20. Rxf3 Kh8 21. Re3 Rf7 22. Qh5 Rg7 23. Qh4 Be8 24. Rd1 Rg4 25. Qh6 Rg6 26. Qh3 Rxa5 27. Bxe4 Ra8 28.
Bf3 Bf7 29. Kf2 Rag8 30. Rg1 Qd7 31. Rd3 Qe7 32. Qf1 Qf8 33. Be2 Qh6 34. h3 Be8 35.
Rf3 Bd7 36. Qg2 R8g7 37. Ke1 Rg8 38. Qh2 Qg7 39. Rg2 h6 40. Kf2 Kh7 41. Rd3 Qf7 42.
Bh5 Kg7 43. g4 Kf8 44. g5 hxg5 45. Rxg5 Qh7 46. Bxg6 Rxg6 47. Rxg6 Qxg6 48. Qg3 Qh5 49. h4 Be8 50. Qg5 Qxg5 51. hxg5 Kg7 52. Rh3 Bg6 53. Rh6 Bf7 54. Rf6 Bg8 55. Kg3 Bf7 56. Kh4 Bg8 57. g6 Kh6 58. Rf8 Kg7 59. Rc8 Kh6 60. Rxg8 d4 61. Rd8 d3 62. Rxd3 1-0

[Event "Late-Titled-Tuesday-Blitz-September-12-2023"]
[Site "Chess.com"]
[Date "2023.09.12"]
[Round "1"]
[White "Defend1r"]
[Black "miraitrunks"]
[Result "1-0"]
[WhiteElo "2523"]
[BlackElo "2115"]
[TimeControl "180+1"]
[EndTime "14:04:53 PDT"]
[Termination "Defend1r won by resignation"]

1. e4 c5 2. Nf3 d6 3. Bb5+ Bd7 4. Bxd7+ Qxd7 5. c4 Nc6 6. d4 cxd4 7. Nxd4 g6 8.
Nc3 Bg7 9. Be3 Nf6 10. h3 O-O 11. O-O Rac8 12. b3 a6 13. a4 Nb4 14. Rc1 Rc7 15. Nd5 Nbxd5 16. exd5 Rfc8 17. Qf3 e5 18. dxe6 fxe6 19.
Rcd1 e5 20. Ne2 b5 21. cxb5 axb5 22. Bb6 Rc2 23. a5 e4 24. Qe3 Qf5 25. Nd4 Nd5 26.
Nxf5 Nxe3 27. Nxe3 1-0

[Event "Late-Titled-Tuesday-Blitz-September-12-2023"]
[Site "Chess.com"]
[Date "2023.09.12"]
[Round "1"]
[White "Dave_ChessMate"]
[Black "Nick12772"]
[Result "1-0"]
[WhiteElo "2763"]
[BlackElo "2418"]
[TimeControl "180+1"]
[EndTime "14:04:54 PDT"]
[Termination "Dave_ChessMate won by resignation"]

1. d4 Nf6 2. Nc3 e6 3. e4 d5 4. e5 Nfd7 5. f4 c5 6. Nf3 Nc6 7. Be3 a6 8. Qd2 Be7 9. g4 h5 10. g5 g6 11. dxc5 Nxc5 12. O-O-O b5 13. Qf2 Nd7 14. Kb1 Bb7 15. Ne2 Qa5 16. Ned4 Nb4 17. a3 Nc6 18. Nxc6 Bxc6 19. Nd4 Bb7 20. f5 gxf5 21.
g6 Nxe5 22. gxf7+ Kxf7 23. Nxf5 exf5 24. Qxf5+ Bf6 25. Be2 Qc7 26. Rhf1 Qe7 27. Bxh5+ Rxh5 28. Qxh5+ Ke6 29. Qf5+ Kd6 30. Qxf6+ Qxf6 31. Rxf6+ Kc7 32. Bf4 Re8 33. Re1 1-0

[Event "Late-Titled-Tuesday-Blitz-September-12-2023"]
[Site "Chess.com"]
[Date "2023.09.12"]
[Round "1"]
[White "dcremisi"]
[Black "cukin84"]
[Result "1-0"]
[WhiteElo "2542"]
[BlackElo "2217"]
[TimeControl "180+1"]
[EndTime "14:05:00 PDT"]
[Termination "dcremisi won by resignation"]

1. d4 f5 2. Nc3 g6 3. e4 fxe4 4. Nxe4 d5 5. Ng5 Nf6 6. N1f3 Bg7 7. Bd3 Bf5 8. Bxf5 gxf5 9. Ne6 Qd6 10. Nxg7+ Kf8 11. Nxf5 Qe6+ 12. Ne3 Nc6 13. O-O Rg8 14.
Kh1 Ne4 15. c4 Qg6 16. cxd5 Nb4 17. Ne5 Qg5 18. Qf3+ Nf6 19. Nf5 Qh5 20. Qxh5 Nxh5 21. Bh6+ Ke8 22. Rae1 Nxd5 23. Ne3 Ndf6 24. h4 Ng7 25.
Bxg7 Rxg7 26. Nf5 Rg8 27. Nf3 Nd5 28. Re5 c6 29. Rfe1 Rg4 30. Nxe7 Nxe7 31. Rxe7+ Kf8 32. Rxh7 Kg8 33. Ree7 1-0

[Event "Late-Titled-Tuesday-Blitz-September-12-2023"]
[Site "Chess.com"]
[Date "2023.09.12"]
[Round "1"]
[White "salomez"]
[Black "Gentlejimmy7"]
[Result "1/2-1/2"]
[WhiteElo "2289"]
[BlackElo "2564"]
[TimeControl "180+1"]
[EndTime "14:05:01 PDT"]
[Termination "Game drawn by agreement"]

1. e4 c5 2. Nf3 e6 3. d4 cxd4 4. Nxd4 a6 5. Nc3 Qc7 6. Be3 Nf6 7. f3 b5 8. Qd2 Bb7 9. g4 b4 10. Nce2 d5 11. g5 Nfd7 12. exd5 Bxd5 13. Bg2 Be7 14.
O-O O-O 15. Nf4 Bb7 16. Ndxe6 fxe6 17. Nxe6 Qd6 18. Qxd6 Bxd6 19. Rad1 Be7 20. Nxf8 Kxf8 21. f4 Bxg2 22. Kxg2 Ke8 23. f5 1/2-1/2

[Event "Late-Titled-Tuesday-Blitz-September-12-2023"]
[Site "Chess.com"]
[Date "2023.09.12"]
[Round "1"]
[White "Kosak12"]
[Black "Sinquefield"]
[Result "1-0"]
[WhiteElo "2792"]
[BlackElo "2431"]
[TimeControl "180+1"]
[EndTime "14:05:03 PDT"]
[Termination "Kosak12 won by resignation"]

1. e4 e6 2. d3 d5 3. Qe2 d4 4. f4 c5 5. Nf3 Nc6 6. g3 Bd6 7. Bg2 Nge7 8. Nbd2 f6 9. O-O e5 10. fxe5 Nxe5 11. Nxe5 Bxe5 12. Nc4 O-O 13. Nxe5 fxe5 14. Bg5 Be6 15. Qh5 Qd7 16. Bxe7 Qxe7 17. Qxe5 h6 18. Bh3 Rfe8 19. Bxe6+ Qxe6 20. Qxc5 Rac8 21. Qxd4 Rxc2 22. Rf2 Rec8 23. Qxa7 b6 24. Raf1 Rxf2 25. Rxf2 Qh3 26.
Qf7+ Kh8 27. Qf5 Rc1+ 28. Rf1 Rxf1+ 29. Qxf1 Qd7 30. Qf8+ 1-0

[Event "Late-Titled-Tuesday-Blitz-September-12-2023"]
[Site "Chess.com"]
[Date "2023.09.12"]
[Round "1"]
[White "PNEPaul"]
[Black "komogro"]
[Result "0-1"]
[WhiteElo "1903"]
[BlackElo "2513"]
[TimeControl "180+1"]
[EndTime "14:05:03 PDT"]
[Termination "komogro won by resignation"]

1. e4 g6 2. Nc3 Bg7 3. g3 c5 4. Bg2 Nc6 5. Nge2 e5 6. O-O Nge7 7. d3 d6 8. h3 O-O 9. f4 f5 10. Kh2 h6 11. Nd5 Nxd5 12. exd5 Ne7 13. fxe5 dxe5 14. c4 Bd7 15. Be3 b6 16. Qd2 Kh7 17.
d6 Nc6 18. Nc3 Rc8 19. Nb5 Be6 20. Nc7 Qxd6 21. Nxe6 Qxe6 22. Bd5 Qd6 23. Qg2 Nb4 24.
a3 Nxd5 25. cxd5 Rfd8 26. Rad1 Qxd5 27. Bc1 Qxg2+ 28. Kxg2 Rd4 0-1

[Event "Late-Titled-Tuesday-Blitz-September-12-2023"]
[Site "Chess.com"]
[Date "2023.09.12"]
[Round "1"]
[White "Chesstrainer1"]
[Black "vladislavkovalev"]
[Result "0-1"]
[WhiteElo "2459"]
[BlackElo "2895"]
[TimeControl "180+1"]
[EndTime "14:05:06 PDT"]
[Termination "vladislavkovalev won on time"]

1. e4 e5 2. Nf3 Nc6 3. Bb5 a6 4. Ba4 d6 5. O-O Bd7 6. c3 Nf6 7. Re1 g6 8. d4 Bg7 9. d5 Ne7 10. c4 O-O 11. Nc3 Bxa4 12. Qxa4 Nh5 13. Be3 b6 14. b4 a5 15. bxa5 Rxa5 16. Qc2 h6 17.
Nd2 f5 18. Nb3 Ra8 19. f3 fxe4 20. fxe4 Nf4 21. a4 Qd7 22. a5 bxa5 23. Nxa5 g5 24. c5 Neg6 25. g3 Qg4 26. Nc6 Nh3+ 27. Kh1 Rxa1 28. Rxa1 Qf3+ 29. Qg2 Qxe3 30. Qxh3 Qxc3 31. Qe6+ Kh7 0-1

[Event "Late-Titled-Tuesday-Blitz-September-12-2023"]
[Site "Chess.com"]
[Date "2023.09.12"]
[Round "1"]
[White "Bigfish1995"]
[Black "Michalczak"]
[Result "1-0"]
[WhiteElo "3047"]
[BlackElo "2493"]
[TimeControl "180+1"]
[EndTime "14:05:07 PDT"]
[Termination "Bigfish1995 won by resignation"]

1. h3 e5 2. c4 c6 3. Nf3 e4 4.
Nd4 Nf6 5. Nc3 d5 6. cxd5 Bc5 7.
Nb3 Bb6 8. dxc6 Nxc6 9. e3 O-O 10. d4 exd3 11. Bxd3 Ne5 12. Bb1 Qe7 13. O-O Rd8 14.
Nd4 Bd7 15. b3 Rac8 16. Bb2 Bxd4 17. exd4 Bc6 18. Re1 Rxd4 19. Qxd4 Nf3+ 20. gxf3 Qxe1+ 21. Kh2 Kh8 22. Be4 1-0

[Event "Late-Titled-Tuesday-Blitz-September-12-2023"]
[Site "Chess.com"]
[Date "2023.09.12"]
[Round "1"]
[White "Iball95"]
[Black "GiorgianBarbosa"]
[Result "1-0"]
[WhiteElo "2778"]
[BlackElo "2424"]
[TimeControl "180+1"]
[EndTime "14:05:07 PDT"]
[Termination "Iball95 won by checkmate"]

1. e4 c5 2. Nf3 g6 3. Nc3 Bg7 4.
d4 cxd4 5. Nxd4 Nc6 6. Nxc6 bxc6 7.
Bc4 d6 8. O-O e6 9. Bf4 d5 10.
exd5 cxd5 11. Nxd5 exd5 12. Bxd5 Bd7 13. Re1+ Ne7 14.
Bd6 Bf6 15. Qf3 Bf5 16. Bxa8 Qxd6 17. Rad1 Qb6 18. g4 Bxc2 19. Bc6+ Kf8 20. Qxf6 Qxc6 21. Rd8+ Qe8 22. Qxh8+ Ng8 23. Rexe8# 1-0

[Event "Late-Titled-Tuesday-Blitz-September-12-2023"]
[Site "Chess.com"]
[Date "2023.09.12"]
[Round "1"]
[White "antispeciesism"]
[Black "CrushingKings"]
[Result "0-1"]
[WhiteElo "2058"]
[BlackElo "2522"]
[TimeControl "180+1"]
[EndTime "14:05:07 PDT"]
[Termination "CrushingKings won by resignation"]

1. d4 Nf6 2. c4 g6 3. Nc3 Bg7 4. e4 d6 5. Nf3 O-O 6. Be2 e5 7. O-O Nc6 8. d5 Ne7 9. b4 Ne8 10. Re1 h6 11. Nd2 f5 12. f3 f4 13. Nb3 g5 14. c5 h5 15. h3 Rf6 16. a4 Rg6 17. Ba3 Kh8 18. Rc1 Ng8 19. b5 Nh6 20. b6 axb6 21. cxb6 cxb6 22. Nb5 Bd7 23. Nd2 g4 24. fxg4 hxg4 25. hxg4 Nxg4 26. Nc4 Qh4 27. Bxg4 Bxg4 28. Qb3 f3 29. Rf1 0-1

[Event "Late-Titled-Tuesday-Blitz-September-12-2023"]
[Site "Chess.com"]
[Date "2023.09.12"]
[Round "1"]
[White "robertoalejandro10"]
[Black "Polish_fighter3000"]
[Result "0-1"]
[WhiteElo "2506"]
[BlackElo "3087"]
[TimeControl "180+1"]
[EndTime "14:05:08 PDT"]
[Termination "Polish_fighter3000 won by resignation"]

1. Nf3 e6 2. b3 b5 3. Bb2 Bb7 4. g3 Bxf3 5. exf3 c6 6. Bg2 Nf6 7. O-O g6 8. a4 b4 9. d3 Bg7 10. Nd2 O-O 11. f4 Na6 12. Re1 Nc7 13. Nc4 Nfd5 14. Bxg7 Kxg7 15. Qd2 Rb8 16. Ne3 h5 17.
Rac1 Qf6 18. h4 Rfc8 19. Nc4 Ne8 20. Ne5 Rc7 21. Nf3 Nd6 22. Ng5 Qc3 23. Qe2 Nf5 24. Ne4 Qd4 25. Qd2 Nc3 26. Nxc3 bxc3 27. Qe2 Nxg3 28.
Qe5+ Qxe5 29. fxe5 Nf5 30. Re4 c5 31. Bh3 Nd4 32. Kf1 Rb4 33. Bg2 Kf8 34. Ke1 Ke7 35. Kd1 Nf5 36. Ke2 Nxh4 37. Bh1 Nf5 38. Rxb4 cxb4 0-1